 Dungeon Crawl Stone Soup version 0.28.0-47-ge53b351184 (webtiles) character file.

Game seed: 7704255378154372673

79 101zpm the Vexing (level 4, -2/34 HPs)
             Began as a Gnoll Arcane Marksman on Apr 25, 2022.
             Slain by an adder (3 damage)
             ... on level 2 of the Dungeon.
             The game lasted 00:04:14 (2146 turns).

101zpm the Vexing (Gnoll Arcane Marksman)           Turns: 2146, Time: 00:04:15

Health: -2/34      AC:  2    Str: 12    XL:     4   Next: 38%
Magic:  8/8        EV: 13    Int: 12    God:
Gold:   99         SH:  0    Dex: 12    Spells: 8/9 levels left

rFire   . . .      SeeInvis .   j - +0 hand axe
rCold   . . .      Faith    .   (no shield)
rNeg    . . .      Spirit   .   d - +0 robe
rPois   .          Reflect  .   (no helmet)
rElec   .          Harm     .   (no cloak)
rCorr   .          Rampage  .   (no gloves)
Will    .....                   (no boots)
Stlth   ++........              (no amulet)
HPRegen 0.11/turn               (no ring)
MPRegen 0.11/turn               (no ring)

@: lethally poisoned (-2 -> -7)
A: fangs 1, strong nose, distributed training
a: no special abilities


You were on level 2 of the Dungeon.
You visited 1 branch of the dungeon, and saw 3 of its levels.

You collected 99 gold pieces.

Inventory:

Hand Weapons
 a - a +0 shortbow
 j - a +0 hand axe (weapon)
Armour
 d - a +0 robe (worn)
Jewellery
 c - a ring of flight
Scrolls
 e - a scroll of identify {unknown}
 f - 2 scrolls of teleportation {unknown}
 h - a scroll of enchant armour {unknown}
Potions
 b - a potion of brilliance {unknown}
 g - a potion of cancellation {unknown}
 i - a potion of resistance {unknown}


   Skills:
 + Level 2.7 Fighting
 + Level 1.1 Short Blades
 + Level 1.1 Long Blades
 + Level 1.1 Axes
 + Level 1.1 Maces & Flails
 + Level 1.1 Polearms
 + Level 1.1 Staves
 + Level 1.1 Slings
 + Level 4.6 Bows
 + Level 1.1 Crossbows
 + Level 1.1 Throwing
 + Level 1.1 Armour
 + Level 4.6 Dodging
 + Level 1.1 Stealth
 + Level 1.1 Shields
 + Level 1.1 Unarmed Combat
 + Level 3.0 Spellcasting
 + Level 0.9 Conjurations
 + Level 5.4 Hexes
 + Level 0.9 Summonings
 + Level 0.9 Necromancy
 + Level 0.9 Translocations
 + Level 0.9 Transmutations
 + Level 0.9 Fire Magic
 + Level 0.9 Ice Magic
 + Level 0.9 Air Magic
 + Level 0.9 Earth Magic
 + Level 0.9 Poison Magic
 + Level 1.2 Invocations
 + Level 1.1 Evocations


You had 8 spell levels left.
You knew the following spells:

 Your Spells              Type           Power      Damage    Failure   Level
a - Slow                  Hex            56%        N/A       2%          1

Your spell library contained the following spells:

 Spells                   Type           Power      Damage    Failure   Level
 Inner Flame              Hex/Fire       9%         N/A       21%         3
 Portal Projectile        Hex/Tloc       18%        N/A       21%         3
 Cause Fear               Hex            7%         N/A       26%         4


Dungeon Overview and Level Annotations

Branches:
Dungeon (3/15)

Altars:


Innate Abilities, Weirdness & Mutations

You have very sharp teeth.
Your uncanny sense of smell can sniff out nearby items.
Your experience applies equally to all skills.


Message History

You are more poisoned.
The adder poisons you!
You hit the adder but do no damage.
The adder is heavily wounded.
You feel sick. The adder bites you. x2
You are more poisoned.
The adder poisons you!
You are too injured to fight recklessly!
You are too injured to fight recklessly!
You are too injured to fight recklessly!
You are too injured to fight recklessly!
You are too injured to fight recklessly!
You are too injured to fight recklessly!
You are too injured to fight recklessly!
You are too injured to fight recklessly!
You are too injured to fight recklessly!
You are too injured to fight recklessly!
You completely miss the adder.
The adder is heavily wounded.
You feel sick. The adder bites you.
You are more poisoned.
The adder poisons you!
You hit the adder but do no damage.
The adder is heavily wounded.
* * * LOW HITPOINT WARNING * * *
You feel very sick. The adder bites you.
* * * LOW HITPOINT WARNING * * *
The adder misses you.
You barely miss the adder.
The adder is heavily wounded.
* * * LOW HITPOINT WARNING * * *
You feel sick. The adder bites you.
* * * LOW HITPOINT WARNING * * *
The adder closely misses you.
You barely miss the adder. Your bite misses the adder.
The adder is moderately wounded.
* * * LOW HITPOINT WARNING * * *
You feel sick. The adder bites you.
You die...

#######...##.# #
........#.##.##########
.######†...............
#### ##........#######
... #.###.##.# ##.# #.#
#.##.# ##...##.# #.##.#
..#.....#.###.##.#
......S@......##.#
#.......).######.#
#.........# ...
###.......# ###
.......#.# #.####..#.#
. #..#.# #..#.#


You could see an adder.

Vanquished Creatures
  5 adders
  An orc (D:2)
  4 endoplasms
  3 goblins
  5 hobgoblins
  3 ball pythons
  4 bats
  5 frilled lizards
  4 kobolds
  4 rats
38 creatures vanquished.

Notes
Turn   | Place    | Note
-------+----------+-------------------------------------------
     0 | D:1      | 101zpm the Gnoll Arcane Marksman began the quest for the
                  | Orb.
     0 | D:1      | Reached XP level 1. HP: 17/17 MP: 4/4
    99 | D:1      | Reached XP level 2. HP: 21/23 MP: 5/5
   818 | D:2      | Noticed an ogre
   898 | D:3      | HP: 1/23 [poisoned by an adder]
   899 | D:3      | Reached XP level 3. HP: 2/28 MP: 7/7
  1202 | D:3      | Reached skill level 1 in Invocations
  1388 | D:3      | Reached skill level 1 in Short Blades
  1388 | D:3      | Reached skill level 1 in Long Blades
  1388 | D:3      | Reached skill level 1 in Axes
  1388 | D:3      | Reached skill level 1 in Maces & Flails
  1388 | D:3      | Reached skill level 1 in Polearms
  1388 | D:3      | Reached skill level 1 in Staves
  1388 | D:3      | Reached skill level 1 in Slings
  1388 | D:3      | Reached skill level 1 in Crossbows
  1388 | D:3      | Reached skill level 1 in Throwing
  1388 | D:3      | Reached skill level 1 in Armour
  1388 | D:3      | Reached skill level 1 in Stealth
  1388 | D:3      | Reached skill level 1 in Shields
  1388 | D:3      | Reached skill level 1 in Unarmed Combat
  1388 | D:3      | Reached skill level 1 in Evocations
  1615 | D:3      | Reached XP level 4. HP: 34/34 MP: 8/8
  2146 | D:2      | HP: 1/34 [poisoned by an adder]
  2146 | D:2      | Slain by an adder

Illustrated notes

Levels and vault maps discovered:
D:1:      dpeg_arrival_more_subterranean_lakeside_camping, layout_basic,
          serial_rivers, chequers_serial_rivers_small_b,
          chequers_serial_rivers_micro_b, chequers_serial_rivers_micro_c,
          chequers_serial_rivers_micro_e
D:2:      layout_loops_ring, shapermc_ecumenical_altar_mp_vishouse
D:3:      layout_basic, gup_sewer_entry_spiral, dk_vineyard_2

Skill      XL: |  1  2  3  4 |
---------------+-------------+-----
Invocations    | 1 |  1.2
Short Blades   | 1 |  1.1
Long Blades    | 1 |  1.1
Axes           | 1 |  1.1
Maces & Flails | 1 |  1.1
Polearms       | 1 |  1.1
Staves         | 1 |  1.1
Slings         | 1 |  1.1
Crossbows      | 1 |  1.1
Throwing       | 1 |  1.1
Armour         | 1 |  1.1
Stealth        | 1 |  1.1
Shields        | 1 |  1.1
Unarmed Combat | 1 |  1.1
Evocations     | 1 |  1.1
Spellcasting   | 3 |  3.0
Fighting       | |  2.7
Bows           | |  4.6
Dodging        | |  4.6
Conjurations   | |  0.9
Hexes          | |  5.4
Summonings     | |  0.9
Necromancy     | |  0.9
Translocations | |  0.9
Transmutations | |  0.9
Fire Magic     | |  0.9
Ice Magic      | |  0.9
Air Magic      | |  0.9
Earth Magic    | |  0.9
Poison Magic   | |  0.9

Action                   |  1- 3 |  4- 6 || total
-------------------------+-------+-------++-------
Melee: Unarmed           |       |    20 ||    20
       Hand axe          |       |    11 ||    11
       Bite              |       |     3 ||     3
 Fire: Shortbow          |    93 |    16 ||   109
Armor: Robe              |     3 |     2 ||     5
Dodge: Dodged            |    17 |    30 ||    47
